Construct Section Command Post
Selects Australian Defense Battlegroup
Selects Australian Light Infantry Section
Australian Light Infantry Section
Construct Platoon Command Post
Selects CMP 15cwt Supply Run
Construct Company Command Post
Unlock M3 Grant Medium Tanks
Selects Defensive Tactics
Australian Light Infantry Section
Selects Reinforced Resource Caches
Selects Vehicle Over Repair
Selects Charged Creeping Barrage
Construct Field Infirmary